 Dungeon Crawl Stone Soup version 0.28-a0-268-g3f656e82c2 (webtiles) character file.

Game seed: 15858380647131468767

79 rabbitsville the Twirler (level 4, -2/33 HPs)
             Began as a Demonspawn Gladiator on Aug 27, 2021.
             Slain by Grinder (3 damage)
             ... on level 3 of the Dungeon on Aug 28, 2021.
             The game lasted 00:12:11 (2410 turns).

rabbitsville the Twirler (Demonspawn Gladiator)     Turns: 2410, Time: 00:12:11

Health: -2/33      AC:  3    Str: 14    XL:     4   Next: 16%
Magic:  6/6        EV: 13    Int: 11    God:
Gold:   58         SH:  0    Dex: 14    Spells: 6/6 levels left

rFire   . . .      SeeInvis .   a - +0 quarterstaff
rCold   . . .      Faith    .   (shield currently unavailable)
rNeg    . . .      Spirit   .   n - +0 robe
rPois   .          Reflect  .   (helmet restricted)
rElec   .          Harm     .   (no cloak)
rCorr   +          Rampage  .   l - +0 pair of gloves
Will    .....                   (no boots)
Stlth   +.........              (no amulet)
HPRegen 0.11/turn               d - ring of resist corrosion
MPRegen 0.10/turn               (no ring)

@: no status effects
A: horns 1
a: no special abilities


You were on level 3 of the Dungeon.
You visited 1 branch of the dungeon, and saw 3 of its levels.

You collected 58 gold pieces.

Inventory:

Hand Weapons
 a - a +0 quarterstaff (weapon)
Missiles
 f - 6 poisoned darts (quivered)
Armour
 b - a +0 leather armour
 c - a +0 helmet
 l - a +0 pair of gloves (worn)
 n - a +0 robe (worn)
Jewellery
 d - a ring of resist corrosion (left hand)
Scrolls
 g - a scroll of fear
 i - a scroll of immolation {unknown}
 m - a scroll of summoning
Potions
 e - a potion of lignification {unknown}
 h - a potion of might {unknown}
 j - a potion of attraction {unknown}
 k - a potion of magic {unknown}


   Skills:
 - Level 2.2 Fighting
 * Level 3.4 Staves
 - Level 1.7 Throwing
 - Level 2.9 Dodging
 * Level 1.9 Spellcasting
 + Level 0.7 Fire Magic


You had 6 spell levels left.
You didn't know any spells.
Your spell library contained the following spells:

 Spells                   Type           Power      Damage    Failure   Level
 Foxfire                  Conj/Fire      4%         2x1d4     26%         1
 Conjure Flame            Conj/Fire      1%         6-21      58%         3
 Inner Flame              Hex/Fire       1%         N/A       58%         3


Dungeon Overview and Level Annotations

Branches:
Dungeon (3/15)

Altars:
Sif Muna

Annotations:
D:2 Sigmund
D:3 Grinder


Innate Abilities, Weirdness & Mutations

You have a pair of small horns on your head.


Message History

You barely miss Grinder. Your headbutt misses Grinder.
Grinder is lightly wounded.
Grinder hits you.
You writhe in agony.
* * * LOW HITPOINT WARNING * * *
You sock Grinder!
Grinder is moderately wounded.
Grinder blinks!
Grinder barely misses you.
You see here 9 poisoned darts.
f - 9 poisoned darts Grinder misses you.
Throw: 9 darts (poison)
Press: ? - help, Q - select action Shift-Dir - straight line, f - Grinder
Aim: Grinder (moderately wounded, 55% to hit)
You throw a poisoned dart.
The poisoned dart barely misses Grinder.
Grinder gestures at you.
You suddenly lose the ability to move!
Grinder blinks!
Grinder gestures at you. You resist with significant effort.
You can move again.
Throw: 8 darts (poison)
Press: ? - help, Q - select action Shift-Dir - straight line, f/p - Grinder
Aim: Grinder (moderately wounded, 55% to hit)
You throw a poisoned dart. The poisoned dart hits Grinder.
Grinder is moderately wounded.
Grinder gestures at you. You resist with significant effort.
Throw: 7 darts (poison)
Press: ? - help, Q - select action Shift-Dir - straight line, f/p - Grinder
Aim: Grinder (moderately wounded, 55% to hit)
You throw a poisoned dart.
The poisoned dart barely misses Grinder.
Press: ? - help, v - describe, . - travel The floor.
Grinder hits you!
* * * LOW HITPOINT WARNING * * *
You writhe in agony.
You die...

########
####......# ..
.........# ...
#...<.>##...
#(.@..(#....
####...5.......
#..............
#..##.).........
#......###.##.$..
###.##.###.##.###
#......###
#####..#.# #....#


You could see Grinder.

Vanquished Creatures
  Terence (D:2)
  An adder (D:3)
  An adder skeleton (D:2)
  3 ball pythons (D:2)
  5 bats
  4 endoplasms
  3 giant cockroaches (D:1)
  6 goblins
  3 hobgoblins
  5 kobolds
  A quokka (D:1)
  5 frilled lizards
  3 rats
41 creatures vanquished.

Vanquished Creatures (others)
  16 toadstools (D:3)
16 creatures vanquished.

Grand Total: 57 creatures vanquished

Notes
Turn   | Place    | Note
-------+----------+-------------------------------------------
     0 | D:1      | rabbitsville the Demonspawn Gladiator began the quest for
                  | the Orb.
     0 | D:1      | Reached XP level 1. HP: 16/16 MP: 1/1
    96 | D:1      | Upgraded the game from 0.28-a0-265-g048bc9fd10 to
                  | 0.28-a0-268-g3f656e82c2
   221 | D:1      | Gained mutation: You have a pair of small horns on your
                  | head. [demonic ancestry]
   221 | D:1      | Reached XP level 2. HP: 18/22 MP: 2/2
   496 | D:1      | Reached skill level 3 in Staves
   646 | D:1      | Reached skill level 1 in Spellcasting
  1020 | D:2      | Noticed Terence
  1183 | D:2      | Reached XP level 3. HP: 19/27 MP: 4/4
  1369 | D:2      | Noticed Sigmund
  1691 | D:2      | Killed Terence
  1703 | D:2      | Found a shimmering blue altar of Sif Muna.
  1906 | D:2      | Reached XP level 4. HP: 30/33 MP: 6/6
  2391 | D:3      | Noticed Grinder
  2404 | D:3      | Paralysed by Grinder for 2 turns
  2410 | D:3      | HP: 1/33 [Grinder (9)]
  2410 | D:3      | Slain by Grinder

Illustrated notes

Levels and vault maps discovered:
D:1:      matt_arrival_spirals, layout_basic
D:2:      layout_basic, basic_altar, chequers_serial_rivers_marsh,
          grunt_ministairs_6, chequers_serial_rivers_small_3,
          chequers_serial_rivers_small_a, chequers_jeans, minmay_tromino_mix6,
          uniq_sigmund, uniq_terence
D:3:      layout_rooms, mainiacjoe_overflow_alcove_2, tgw_fedhas,
          beargit_hepliaklqana_dungeon_heroes, serial_shops,
          nicolae_shop_competitors_out_of_business, uniq_grinder, uniq_ijyb

Skill      XL: |  1  2 |
---------------+-------+-----
Staves         | 3 |  3.4
Spellcasting   | 1 |  1.9
Fighting       | |  2.2
Throwing       | |  1.7
Dodging        | |  2.9
Fire Magic     | |  0.7

Action                   |  1- 3 |  4- 6 || total
-------------------------+-------+-------++-------
Melee: Quarterstaff      |   116 |    11 ||   127
       Headbutt          |    19 |     1 ||    20
       Unarmed           |       |     6 ||     6
Throw: Throwing net      |     2 |     1 ||     3
       Dart              |       |     3 ||     3
  Use: Potion            |     2 |       ||     2
       Scroll            |       |     3 ||     3
 Stab: Held in net/web   |       |     1 ||     1
Armor: Leather armour    |    11 |       ||    11
       Robe              |    15 |       ||    15
Dodge: Dodged            |    65 |    10 ||    75

Table legend: (Time is in decaauts)
 A = Elapsed time spent in this place.
 B = Non-inter-level travel time spent in this place.
 C = Inter-level travel time spent in this place.
 D = Time resting spent in this place.
 E = Time spent auto-exploring this place.
 F = Levels seen in this place.
 G = Mean time per level.
                   A        B        C        D        E       F      G
               +--------+--------+--------+--------+--------+-----+--------+
         Total |   2430 |   2327 |    103 |    248 |    950 |   3 |  810.0 |
       Dungeon |   2430 |   2327 |    103 |    248 |    950 |   3 |  810.0 |
               +--------+--------+--------+--------+--------+-----+--------+

Top non-repeatable levels by time:
     D:2: 1150 daAuts
     D:1: 1043 daAuts
     D:3: 236 daAuts
